 Dungeon Sprint DCSS version 0.28.0-53-g5a82cb258f (webtiles) character file.

Game seed: 3126564673082913227

1901 Zeld the Cleaver (level 8, -9/127 HPs)
             Began as a Minotaur Berserker on June 7, 2022.
             Was an Elder of Trog.
             Mangled by a centaur warrior (14 damage)
             ... in the Dungeon (Sprint I: "Red Sonja").
             The game lasted 00:01:51 (1749 turns).

Zeld the Cleaver (Minotaur Berserker)               Turns: 1749, Time: 00:01:52

Health: -9/127     AC:  2    Str: 23    XL:     8   Next: 94%
Magic:  7/7        EV: 14    Int:  4    God:    Trog [****..]
Gold:   461        SH:  0    Dex: 11    Spells: 7/7 levels left

rFire   . . .      SeeInvis .   a - +0 hand axe
rCold   . . .      Faith    .   l - orb {light}
rNeg    . . .      Spirit   .   b - +0 animal skin
rPois   .          Reflect  .   (helmet restricted)
rElec   .          Harm     .   (no cloak)
rCorr   .          Rampage  .   (no gloves)
Will    .....      NoTele   +   (no boots)
Stlth   ..........              (no amulet)
HPRegen 0.31/turn               (no ring)
MPRegen 0.10/turn               (no ring)

@: berserking, glowing, very quick
A: horns 2, retaliatory headbutt
a: Renounce Religion, Berserk, Trog's Hand, Brothers in Arms


You were in the Dungeon.
You worshipped Trog.
Trog was greatly pleased with you.
You visited 1 branch You collected 837 gold pieces.
You spent 376 gold pieces at shops.

Inventory:

Hand Weapons
 a - a +0 hand axe (weapon)
Armour
 b - a +0 animal skin (worn)
 l - an orb of light (worn)
Wands
 i - a wand of acid (10)
 j - a wand of iceblast (9)
 n - a wand of charming (9)
Scrolls
 h - a scroll of blinking
 k - a scroll of summoning
 m - a scroll of enchant armour {unknown}
Potions
 c - 3 potions of curing
 d - a potion of heal wounds
 e - a potion of haste
 f - 4 potions of magic
 g - a potion of berserk rage


   Skills:
 * Level 12.7 Fighting
 * Level 12.7 Axes
 + Level 8.9 Armour
 + Level 8.2 Dodging
 * Level 8.9 Evocations


You had 7 spell levels left.
You didn't know any spells.
Your spell library was empty.

Dungeon Overview and Level Annotations

Branches:
Dungeon (1/1)

Altars:
Cheibriados
Dithmenos
Elyvilon
Fedhas
Gozag
Hepliaklqana
Kikubaaqudgha
Makhleb
Nemelex Xobeh
Okawaru
Qazlal
Ru
Sif Muna
Trog
Uskayaw
Vehumet
Wu Jian
Xom
Yredelemnul
Zin
The Shining One
Jiyva
Lugonu

Shops:
D :?[


Innate Abilities, Weirdness & Mutations

You have a pair of horns on your head.
You reflexively headbutt those who attack you in melee.


Message History

The centaur warrior shoots an arrow.
The arrow misses you. The centaur warrior closely misses you.
You furiously retaliate!
You headbutt the centaur warrior! The centaur warrior closely misses you.
A red film seems to cover your vision as you go berserk!
You feel yourself moving faster!
You feel mighty!
The centaur warrior hits you but does no damage.
The centaur warrior kicks you.
The centaur warrior unwields a +0 shortbow.
The centaur warrior hits you. The centaur warrior kicks you.
You slash the centaur warrior!
The centaur warrior is lightly wounded.
You hit the centaur warrior.
The centaur warrior hits you but does no damage.
The centaur warrior kicks you.
Unknown command.
You slash the centaur warrior!
The centaur warrior is moderately wounded.
You hit the centaur warrior. The centaur warrior hits you!
* * * LOW HITPOINT WARNING * * *
The centaur warrior kicks you but does no damage.
The centaur warrior hits you!
* * * LOW HITPOINT WARNING * * *
The centaur warrior kicks you.
* * * LOW HITPOINT WARNING * * *
You barely miss the centaur warrior.
The centaur warrior is moderately wounded.
You slash the centaur warrior! You slash the centaur warrior!
The centaur warrior is severely wounded.
You completely miss the centaur warrior.
The centaur warrior closely misses you. The centaur warrior kicks you.
* * * LOW HITPOINT WARNING * * *
The centaur warrior hits you!
* * * LOW HITPOINT WARNING * * *
The centaur warrior kicks you.
* * * LOW HITPOINT WARNING * * *
You slash the centaur warrior!
The centaur warrior is almost dead.
You hit the centaur warrior. The centaur warrior hits you!
You die...

<.#..)..#..'..#__#..')..#,,*,,,,+
..)..#..').#..'..'..#)..#*+*,****
..#####'#####'#__####...+,,*,*,**
..####..#...#(####$)#####,,+,*+*,
..#__####..##[#≈≈§.§#,,**+****,,,
..#_____##'#_.+§§§.§+,,*,,,,,*,,,
⌠⌠#_.∩...'..._#§≈§§c#,,*,,,,,+,,,
###_..__##_.#'##c###**+***,,,*,,,
,,#_____###)#)#§@c.###,+,*,,,***+
###########.####§###(##*,*,,***,,
∩........'...'...§.'[∩#*,*,,****,
##++++####...##########*,**+*,,*,
,,,,,,,*###.###,,,,,,,**,**,*,,,,
,,,,,,,,#.#'#.#,,,,,,,,+,****,,,,
,,*,,,,,#.....#+++******,*,,+,,,,
,,,,,,,,#.....#,,,,,,,,*,*****,,,
,,,,,*,,#######,,,,,,,*+,*,,,****


You could see 2 centaur warriors.

Vanquished Creatures
  A deep troll (D)
  2 kobold demonologists (D)
  A slime creature (D)
  Sigmund (D)
  A yak (D)
  An acid dragon (D)
  A floating eye (D)
  An ogre (D)
  A jelly (D)
  Ijyb (D)
11 creatures vanquished.

Vanquished Creatures (others)
  2 ballistomycete spores (D)
2 creatures vanquished.

Grand Total: 13 creatures vanquished

Notes
Turn   | Place    | Note
-------+----------+-------------------------------------------
     0 | D        | Zeld the Minotaur Berserker began the quest for the Orb.
     0 | D        | Reached XP level 1. HP: 19/19 MP: 0/0
     2 | D        | Noticed Ijyb
    17 | D        | Killed Ijyb
    18 | D        | Reached skill level 5 in Fighting
    18 | D        | Reached skill level 5 in Axes
    18 | D        | Reached XP level 2. HP: 17/29 MP: 1/1
   140 | D        | Noticed an ogre
   144 | D        | Killed an ogre
   145 | D        | Reached XP level 3. HP: 30/38 MP: 2/2
   145 | D        | Reached XP level 4. HP: 35/45 MP: 3/3
   455 | D        | Noticed Sigmund
   461 | D        | Killed Sigmund
   461 | D        | Reached ** piety under Trog
   462 | D        | Reached skill level 5 in Armour
   462 | D        | Reached skill level 5 in Dodging
   462 | D        | Reached XP level 5. HP: 46/56 MP: 4/4
   462 | D        | Reached XP level 6. HP: 50/62 MP: 5/5
   694 | D        | Found a burning altar of Makhleb.
   694 | D        | Found a viscous altar of Jiyva.
   694 | D        | Found a shimmering altar of Xom.
   694 | D        | Found a corrupted altar of Lugonu.
   694 | D        | Noticed a slime creature
   702 | D        | Killed a slime creature
   879 | D        | Found an ornate altar of the Wu Jian Council.
   879 | D        | Found a shimmering blue altar of Sif Muna.
   881 | D        | Found a radiant altar of Vehumet.
   992 | D        | Found Mauts's Magic Scroll Emporium.
   992 | D        | Found an ancient bone altar of Kikubaaqudgha.
   992 | D        | Found a hazy altar of Hepliaklqana.
   992 | D        | Found a hide-covered altar of Uskayaw.
   992 | D        | Found a basalt altar of Yredelemnul.
   992 | D        | Found an opulent altar of Gozag.
   992 | D        | Found a snail-covered altar of Cheibriados.
   992 | D        | Found a sacrificial altar of Ru.
   992 | D        | Found a shadowy altar of Dithmenos.
   992 | D        | Noticed a yak
   993 | D        | Found a stormy altar of Qazlal.
   993 | D        | Found a blossoming altar of Fedhas.
   993 | D        | Found a bloodstained altar of Trog.
   993 | D        | Found an iron altar of Okawaru.
   993 | D        | Found a glowing golden altar of the Shining One.
   993 | D        | Found a glowing silver altar of Zin.
   993 | D        | Found a white marble altar of Elyvilon.
   996 | D        | Killed a yak
   997 | D        | Reached skill level 10 in Fighting
   997 | D        | Reached skill level 10 in Axes
   997 | D        | Reached XP level 7. HP: 73/73 MP: 6/6
   998 | D        | Found a sparkling altar of Nemelex Xobeh.
  1008 | D        | Bought a scroll of magic mapping for 45 gold pieces
  1008 | D        | Bought a scroll of summoning for 123 gold pieces
  1082 | D        | Noticed a kobold demonologist
  1082 | D        | Noticed a kobold demonologist
  1084 | D        | Paralysed by a floating eye for 4 turns
  1087 | D        | Noticed a ynoxinul
  1088 | D        | Reached *** piety under Trog
  1091 | D        | Killed a kobold demonologist
  1092 | D        | Reached XP level 8. HP: 82/82 MP: 7/7
  1095 | D        | Noticed an orange demon
  1095 | D        | Killed a kobold demonologist
  1095 | D        | Reached **** piety under Trog
  1179 | D        | Noticed Sonja
  1181 | D        | Noticed Sonja
  1181 | D        | Sonja changed into Sonja the acid dragon
  1185 | D        | Killed Sonja the acid dragon
  1318 | D        | Found Qawuef's Book Boutique.
  1338 | D        | Noticed a deep troll
  1348 | D        | Killed a deep troll
  1506 | D        | Found Ophiagiq's Armour Emporium.
  1510 | D        | Bought an orb of light for 208 gold pieces
  1739 | D        | Noticed a centaur warrior
  1739 | D        | Noticed a centaur warrior
  1748 | D        | HP: 6/127 [centaur warrior (14)]
  1749 | D        | Mangled by a centaur warrior

Illustrated notes

Levels and vault maps discovered:
D:        dungeon_sprint_1 [red_sonja_temple_1, red_sonja_temple_small_1]

Skill      XL: |  1  2  3  4  5  6  7  8 |
---------------+-------------------------+-----
Fighting       | 5 6 8 10 11 12 | 12.7
Axes           | 5 6 8 10 11 12 | 12.7
Armour         | 3 4 5 7 8 |  8.9
Dodging        | 3 4 5 6 7 8 |  8.2
Evocations     | 3 4 6 7 8 |  8.9

Action                   |  1- 3 |  4- 6 |  7- 9 || total
-------------------------+-------+-------+-------++-------
Melee: Hand axe          |    13 |    16 |    24 ||    53
       Unarmed           |     2 |       |       ||     2
       Headbutt          |     2 |     6 |     4 ||    12
Invok: Berserk           |     2 |     3 |     4 ||     9
Evoke: Wand              |       |       |     2 ||     2
  Use: Scroll            |       |       |     1 ||     1
Armor: Animal skin       |       |     1 |     3 ||     4
Dodge: Dodged            |     3 |     2 |    14 ||    19
